 Dungeon Crawl Stone Soup version 0.29.1-2-gbd0b4ee654 (webtiles) character file.

Game seed: 17656979287222152968

21 MisterFreud the Ducker (level 2, -7/14 HPs)
             Began as a Felid Berserker on Oct 24, 2022.
             Was a Follower of Trog.
             Mangled by a gnoll
             ... wielding a +0 whip of electrocution
              (8 damage)
             ... on level 1 of the Dungeon.
             The game lasted 00:00:41 (833 turns).

MisterFreud the Ducker (Felid Berserker)             Turns: 833, Time: 00:00:42

Health: -7/14      AC:  1    Str: 13    XL:     2   Next: 62%
Magic:  3/3        EV: 18    Int:  8    God:    Trog [*.....]
Gold:   38         SH:  0    Dex: 15    Spells: 1/1 levels left
                                        Lives:  0   Deaths: 0

rFire   . . .      SeeInvis +     - Unarmed
rCold   . . .      Faith    .   (shield unavailable)
rNeg    . . .      Spirit   .   (body armour unavailable)
rPois   .          Reflect  .   (helmet unavailable)
rElec   .          Harm     .   (cloak unavailable)
rCorr   .          Rampage  .   (gloves unavailable)
Will    .....                   (boots unavailable)
Stlth   ++........              (no amulet)
HPRegen 0.04/turn               (no ring)
MPRegen 0.08/turn               (no ring)

@: quick
A: very small, claws 1, fangs 3, see invisible, speed 1, shaggy fur 1, stealthy
paws, no weapons or thrown items, no armour, multi-lived
a: Renounce Religion, Berserk


You were on level 1 of the Dungeon.
You worshipped Trog.
Trog was aware of your devotion.
You visited 1 branch of the dungeon, and saw 1 of its levels.

You collected 38 gold pieces.

Inventory:

Jewellery
 e - a ring of poison resistance
Scrolls
 b - a scroll of blinking {unknown}
 c - a scroll of identify {unknown}
 d - a scroll of noise {unknown}
Potions
 a - a potion of berserk rage {unknown}


   Skills:
 - Level 3.0 Fighting
 - Level 4.0 Dodging
 + Level 2.4 Stealth
 + Level 3.5 Unarmed Combat


You had one spell level left.
You didn't know any spells.
Your spell library was empty.

Dungeon Overview and Level Annotations

Branches:
Dungeon (1/15)

Altars:


Innate Abilities, Weirdness & Mutations

You have sharp claws.
You have razor-sharp teeth.
You have supernaturally acute eyesight. (SInv)
You cover ground quickly. (Speed+)
You are covered in fur. (AC +1)
Your paws help you pounce on unaware monsters.
You are incapable of wielding weapons or throwing items.
You cannot wear armour.
You gain extra lives every three experience levels.


Message History

An endoplasm is nearby!
An endoplasm is nearby!
An endoplasm is nearby!
Found 11 gold pieces.
The endoplasm closely misses you.
An endoplasm is nearby!
You scratch the endoplasm.
The endoplasm is heavily wounded.
The endoplasm freezes you.
You are frozen.
An endoplasm is nearby!
You scratch the endoplasm.
You kill the endoplasm!
Trog accepts your kill.
You now have 27 gold pieces (gained 13).
You now have 38 gold pieces (gained 11).
e - a ring of poison resistance No target in view!
A dart slug and a gnoll come into view.
The gnoll is wielding a +0 whip of electrocution.
A gnoll is nearby!
A gnoll is nearby!
The gnoll shouts!
You scratch the gnoll.
The gnoll is moderately wounded.
The gnoll misses you.
You scratch the gnoll.
The gnoll is severely wounded.
The gnoll hits you with a +0 whip of electrocution.
You are electrocuted!
Ouch! That really hurt!
* * * LOW HITPOINT WARNING * * *
You scratch the gnoll.
The gnoll is almost dead.
The gnoll barely misses you.
You are too injured to fight recklessly!
You scratch the gnoll but do no damage.
The gnoll is almost dead.
The gnoll hits you with a +0 whip of electrocution!
Ouch! That really hurt!
You die...

#############
............############
................@g......
....#######.#####.....##
....# #.# .....# ....#
#####.# .....#
....##....... .....+
...)....# #.# .....#
..†.(...# #.# ######
........# #.w ........#


You could see a gnoll.

Vanquished Creatures
  A dart slug (D:1)
  2 endoplasms (D:1)
  A hobgoblin (D:1)
  3 jackals (D:1)
  A ball python (D:1)
  4 bats (D:1)
  2 frilled lizards (D:1)
  A goblin (D:1)
  3 kobolds (D:1)
  A rat (D:1)
19 creatures vanquished.

Notes
Turn   | Place    | Note
-------+----------+-------------------------------------------
     0 | D:1      | MisterFreud the Felid Berserker began the quest for the
                  | Orb.
     0 | D:1      | Reached XP level 1. HP: 10/10 MP: 2/2
    59 | D:1      | Reached skill level 1 in Stealth
   228 | D:1      | Reached XP level 2. HP: 10/14 MP: 3/3
   833 | D:1      | Mangled by a gnoll

Illustrated notes

Levels and vault maps discovered:
D:1:      dpeg_arrival_tiny_i, layout_basic

Skill      XL: |  1  2 |
---------------+-------+-----
Stealth        | 1 2 |  2.4
Fighting       | |  3.0
Dodging        | |  4.0
Unarmed Combat | |  3.5

Action                   || total
-------------------------++-------
Melee: Unarmed           ||    60
       Bite              ||     5
 Stab: Sleeping          ||     1
Armor: Skin              ||     3
Dodge: Dodged            ||    56
